 Dungeon Crawl Stone Soup version 0.22-a0-877-g5c4e1af (webtiles) character file.

83 tcjsavannah the Scratcher (level 4, -5/19 HPs)
             Began as a Felid Warper on July 30, 2018.
             Slain by a worm (12 damage)
             ... on level 4 of the Dungeon.
             The game lasted 00:16:08 (2620 turns).

tcjsavannah the Scratcher (Felid Warper)            Turns: 2620, Time: 00:16:09

Health: -5/19      AC:  4    Str:  7    XL:     4   Next: 22%
Magic:  7/8        EV: 18    Int: 17    God:
Gold:   152        SH:  0    Dex: 15    Spells: 0/7 levels left
                                        Lives:  0   Deaths: 1

rFire    . . .     SeeInvis +     - Unarmed
rCold    . . .     Gourm    .   (shield unavailable)
rNeg     . . .     Faith    .   (armour unavailable)
rPois    .         Spirit   .   (helmet unavailable)
rElec    .         Reflect  .   (cloak unavailable)
rCorr    .         Harm     .   (gloves unavailable)
MR       .....                  (boots unavailable)
Stlth    ++........             (no amulet)
HPRegen  0.06/turn              e - +3 ring of protection
MPRegen  0.11/turn              g - +2 ring of intelligence

@: quick
A: very small, no armour, no weapons or thrown items, stealth, claws 1, fangs 3,
see invisible, carnivore, speed 1, shaggy fur 1, slow metabolism 1, sharp paws
a: no special abilities


You were on level 4 of the Dungeon.
You were very full.

You visited 1 branch of the dungeon, and saw 4 of its levels.

You collected 152 gold pieces.

Inventory:

Jewellery
 e - a +3 ring of protection (left paw)
 g - a +2 ring of intelligence (right paw)
Wands
 f - a wand of acid (11)
Scrolls
 a - 4 scrolls of remove curse
 b - 2 scrolls of blinking
Potions
 d - a potion of haste {unknown}
Comestibles
 c - 5 rations
 h - 2 chunks of flesh


   Skills:
 - Level 2.0 Fighting
 - Level 3.2 Dodging
 * Level 2.0 Stealth
 * Level 4.8 Unarmed Combat
 - Level 2.0 Spellcasting
 - Level 1.4 Charms
 - Level 4.4 Translocations


You couldn't memorise any spells.
You knew the following spells:

 Your Spells              Type           Power        Failure   Level  Hunger
a - Blink                 Tloc           N/A          4%          2    ###....
b - Shroud of Golubria    Chrm/Tloc      ##........   9%          2    ###....
c - Gell's Gravitas       Tloc           ###.......   10%         3    ###....

Your spell library contained the following spells:

 Spells                   Type           Power        Failure   Level  Hunger
 Teleport Other           Tloc           ###.....     10%         3    ###....
 Passage of Golubria      Tloc           N/A          32%         4    #####..
 Lesser Beckoning         Tloc           ###.......   10%         3    ###....


Dungeon Overview and Level Annotations

Branches:
Dungeon (4/15)
 Temple: D:4-7

Altars:
Ashenzari
Fedhas
Gozag
Hepliaklqana
Okawaru
Sif Muna
Xom

Annotations:
D:3 Ijyb
D:4 2 transporters, mdk's ghost, amateur CeHu


Innate Abilities, Weirdness & Mutations

You cannot wear armour.
You are incapable of wielding weapons or throwing items.
Your paws allow you to move quietly. (Stealth)
You have sharp claws.
You have razor-sharp teeth.
You have supernaturally acute eyesight. (SInv)
You are carnivorous and can eat meat at any time.
You cover ground quickly.
You are covered in fur. (AC +1)
You have a slow metabolism.
Your sharp claws are effective at attacking unaware monsters.


Message History

You scratch the worm. You bite the worm, but do no damage.
The worm is lightly wounded.
You barely miss the worm.
The worm is lightly wounded.
The worm misses you.
You scratch the worm.
The worm is moderately wounded.
The worm bites you!
You scratch the worm but do no damage.
The worm is moderately wounded.
You scratch the worm but do no damage.
The worm is moderately wounded.
The worm barely misses you.
You scratch the worm.
The worm is moderately wounded.
You barely miss the worm. You bite the worm.
The worm is heavily wounded.
The worm bites you!
Ouch! That really hurt!
You die...

...............................
#
.............#............#####
..#####....................#
...# ####.................######
...###.............#...........#
.................#########.....#
...#..#'###.........## #.....#
......+_+.#########..#####..)..#
......#+#[......@w...<.........#
..#####h..################.....#
.## ## #.....# .# #.....# .#
####### )# .# .# .#


You could see a worm.

Vanquished Creatures
  Jessica (D:2)
  4 adders
  An ooze (D:2)
  2 worms
  2 dart slugs (D:2)
  A leopard gecko (D:1)
  3 orcs
  4 giant cockroaches
  7 goblins
  7 hobgoblins
  10 jackals
  A quokka (D:4)
  A ball python (D:3)
  5 bats
  6 frilled lizards
  9 kobolds
  8 rats
72 creatures vanquished.

Notes
Turn   | Place    | Note
-------+----------+-------------------------------------------
     0 | D:1      | tcjsavannah the Felid Warper began the quest for the Orb.
     0 | D:1      | Reached XP level 1. HP: 9/9 MP: 4/4
    35 | D:1      | Reached skill level 1 in Stealth
   126 | D:1      | Reached XP level 2. HP: 7/13 MP: 6/6
   130 | D:1      | Learned a level 2 spell: Blink
   133 | D:1      | Learned a level 2 spell: Shroud of Golubria
  1046 | D:2      | Reached XP level 3. HP: 16/16 MP: 4/7
  1739 | D:2      | Noticed Jessica
  1742 | D:2      | Killed Jessica
  1742 | D:2      | Reached skill level 1 in Charms
  1742 | D:2      | Reached XP level 4. HP: 19/19 MP: 8/8
  1794 | D:2      | Learned a level 3 spell: Gell's Gravitas
  1902 | D:3      | Found a hazy altar of Hepliaklqana.
  2024 | D:3      | Found a shattered altar of Ashenzari.
  2139 | D:3      | Noticed Ijyb
  2286 | D:3      | Splashed by Ijyb's acid
  2287 | D:3      | Reached XP level 3. HP: -12/16 MP: 6/7
  2326 | D:4      | Reached XP level 4. HP: 17/19 MP: 6/8
  2339 | D:4      | Found an opulent altar of Gozag.
  2354 | D:4      | Found a deep blue altar of Sif Muna.
  2383 | D:4      | Found an iron altar of Okawaru.
  2395 | D:4      | Found a transporter.
  2396 | D:4      | Found a transporter.
  2396 | D:4      | Noticed mdk's ghost (amateur CeHu)
  2397 | D:4      | Noticed an ogre
  2401 | D:4      | Noticed an ogre
  2465 | D:4      | Noticed a phantom
  2518 | D:4      | Found a blossoming altar of Fedhas.
  2527 | D:4      | Found a shimmering altar of Xom.
  2620 | D:4      | Slain by a worm

Vault maps used:
D:1:      minmay_arrival_solitary_statue
D:2:      uniq_jessica
D:3:      nicolae_overflow_crystal_walls, ashenzari_altar_1, first_ration,
          uniq_terence, uniq_ijyb
D:4:      kennysheep_mini, nicolae_overflow_hidden_temple, lemuel_round_altar,
          old_standard_altar, kennysheep_little_box, gammafunk_ghost_smash

Skill      XL: |  1  2  3 |
---------------+----------+-----
Stealth        | 1 2 |  2.0
Unarmed Combat | 3 4 |  4.8
Charms         | 1 |  1.4
Fighting       | |  2.0
Dodging        | |  3.2
Spellcasting   | |  2.0
Translocations | |  4.4

Action                   |  1- 3 |  4- 6 || total
-------------------------+-------+-------++-------
Melee: Unarmed           |   130 |   130 ||   260
       Bite              |    13 |     8 ||    21
       Punch             |     3 |       ||     3
 Cast: Shroud of Golubri |     5 |    12 ||    17
       Gell's Gravitas   |       |     2 ||     2
  Use: Scroll            |     2 |     5 ||     7
 Stab: Sleeping          |    12 |     3 ||    15
  Eat: Chunk             |     9 |     6 ||    15
Armor: Skin              |     6 |    14 ||    20
Dodge: Dodged            |   100 |    99 ||   199

Table legend:
 A = Spawn XP
 B = Non-spawn XP
 C = Spawn XP percentage of total XP
 D = Spawn monster count
 E = Non-spawn monster count
 F = Spawn count percentage of total count
 G = Total turns spent on level
                    A         B        C        D         E        F      G
               +---------+---------+-------+---------+---------+-------+---------
         Total |       0 |     216 |   0.0 |       0 |      72 |   0.0 |  2620
               +---------+---------+-------+---------+---------+-------+---------
           D:1 |       0 |      36 |   0.0 |       0 |      21 |   0.0 |   888
           D:2 |       0 |      90 |   0.0 |       0 |      20 |   0.0 |   921
           D:3 |       0 |      65 |   0.0 |       0 |      24 |   0.0 |   503
           D:4 |       0 |      25 |   0.0 |       0 |       7 |   0.0 |   308
               +---------+---------+-------+---------+---------+-------+---------
